 Dungeon Crawl Stone Soup version 0.16-a0-2921-g3a24241 (webtiles) character file.

47 Kemay the Ducker (level 3, -9/23 HPs)
             Began as an Octopode Transmuter on Dec 2, 2014.
             Mangled by a gnoll
             ... wielding a +0 whip
              (11 damage)
             ... on level 2 of the Dungeon.
             The game lasted 00:05:27 (1351 turns).

Kemay the Ducker (Octopode Transmuter)              Turns: 1351, Time: 00:05:28

Health: -9/23      AC:  1    Str:  9    XL:     3   Next: 70%
Magic:  6/6        EV: 13    Int: 15    God:
Gold:   36         SH:  0    Dex: 13    Spells: 1 memorised, 5 levels left

rFire  . . .     SeeInvis .     g - +1 spear
rCold  . . .     Clarity  .     (no shield)
rNeg   . . .     SustAb   .     (helmet restricted)
rPois  .         Gourm    .     (no amulet)
rElec  .         Spirit   .     c - ring of teleportation (curse)
rCorr  .         Warding  .     (no ring)
rMut   .         Rnd*Tele +     (no ring)
MR     .....                    (no ring)
Stlth  ++........               (no ring)
                                (no ring)
                                (no ring)
                                (no ring)

@: not resistant to hostile enchantments, unstealthy
A: almost no armour, amphibious, 8 rings, constrict 8, camouflage 1, gelatinous
body 1
a: Evoke Teleportation


You were on level 2 of the Dungeon.
You were not hungry.

You visited 1 branch of the dungeon, and saw 2 of its levels.

You collected 36 gold pieces.

Inventory:

Hand weapons
 g - a +1 spear (weapon)
Jewellery
 c - a cursed ring of teleportation (left tentacle)
Scrolls
 e - 3 scrolls of teleportation
Potions
 i - a potion of ambrosia
 j - a potion of brilliance {unknown}
 l - a potion of invisibility {unknown}
 m - 4 potions of heal wounds {unknown}
Books
 d - a book of Changes

   Spells                             Type                      Level
   a - Beastly Appendage              Transmutation                1
   b - Sticks to Snakes               Transmutation                2
   c - Spider Form                    Transmutation/Poison         3
   d - Ice Form                       Ice/Transmutation            4
   e - Blade Hands                    Transmutation                5
Comestibles
 a - 3 bread rations
 f - 9 chunks of flesh
 h - a meat ration
 k - a slice of pizza


   Skills:
 - Level 1.0 Fighting
 + Level 3.9 Dodging
 - Level 3.0 Unarmed Combat
 - Level 2.0 Spellcasting
 - Level 2.0 Transmutations


You had 5 spell levels left.
You knew the following spells:

 Your Spells              Type           Power        Failure   Level  Hunger
a - Beastly Appendage     Trmt           #.....       12%         1    #......


Dungeon Overview and Level Annotations

Branches:
Dungeon (2/15)

Altars:
Dithmenos
Nemelex Xobeh


Innate Abilities, Weirdness & Mutations

You cannot wear most types of armour.
You are amphibious.
You can wear up to eight rings at the same time.
You can use your tentacles to constrict many enemies at once.
Your skin changes colour to match your surroundings (Stealth).
Your rubbery body absorbs attacks (AC +1).


Message History

You slip out of the net!
The gnoll throws a throwing net.
The throwing net hits you.
You become entangled in the net!
You try to slip out of the net.
You try to slip out of the net.
You cannot attack while held in a net.
You struggle to escape the net.
You struggle against the net.
The gnoll closely misses you.
You slip out of the net!
The gnoll hits you with a whip!
You closely miss the gnoll. Your grab misses the gnoll.
Your squeeze misses the gnoll. The gnoll hits you with a whip.
You hit the gnoll. You grab the gnoll.
The gnoll is lightly wounded.
You constrict the gnoll. The gnoll hits you with a whip!
* * * LOW HITPOINT WARNING * * *
You hit the gnoll.
You tentacle-slap the gnoll, but do no damage.
You squeeze the gnoll.
The gnoll is severely wounded.
You constrict the gnoll. The gnoll hits you with a whip!
You die...

######### #.......####
#..........# #..........#
..######......#
......###......######.. .
#.>....g@................
#..<#.###........###....#
.........#.# ...#
.........#.###....#
..........+.........
#..........#..##.....
.####+###§_......####.##
.... ...........§§.....
#..# ....
...................
##.#.....


You could see a gnoll.

Vanquished Creatures
  A gnoll (D:1)
  8 bats
  9 hobgoblins
  A quokka (D:2)
  2 giant cockroaches (D:1)
  3 giant newts
  5 goblins
  2 kobolds (D:1)
  6 rats
37 creatures vanquished.

Notes
Turn   | Place    | Note
--------------------------------------------------------------
     0 | D:1      | Kemay, the Octopode Transmuter, began the quest for the Orb.
     0 | D:1      | Reached XP level 1. HP: 13/13 MP: 3/3
    92 | D:1      | Reached XP level 2. HP: 12/18 MP: 2/4
   446 | D:1      | Reached XP level 3. HP: 23/23 MP: 6/6
   682 | D:1      | Found a sparkling altar of Nemelex Xobeh.
  1222 | D:2      | Found a shadowy altar of Dithmenos.
  1351 | D:2      | Mangled by a gnoll

Action                   || total
-------------------------++-------
Melee: Unarmed           ||    20
       Spear             ||    70
 Cast: Beastly Appendage ||    10
  Use: Scroll            ||     5
 Stab: Sleeping          ||     2
  Eat: Chunk             ||     2
